 Dungeon Crawl Stone Soup version 0.31.0-9-g3a7656b989 (webtiles) character file.

Game seed: 541192674262325276

100 qw the Shooter (level 4, -4/22 HPs)
             Began as a Spriggan Hunter on Feb 2, 2024.
             Slain by an iguana (7 damage)
             ... on level 3 of the Dungeon.
             The game lasted 00:00:06 (1642 turns).

qw the Shooter (Spriggan Hunter)                    Turns: 1642, Time: 00:00:06

Health: -4/22      AC:  2    Str:  7    XL:     4   Next: 46%
Magic:  5/5        EV: 20    Int: 10    God:
Gold:   65         SH:  0    Dex: 20    Spells: 3/3 levels left

rFire   . . .        a - +0 shortbow
rCold   . . .        (shield currently unavailable)
rNeg    . . .        c - +0 robe
rPois   .            (helmet restricted)
rElec   .            (no cloak)
rCorr   .            (gloves unavailable)
SInv    +            (boots unavailable)
Will    .....        (no amulet)
Stlth   ++           (no ring)
HPRegen 0.23/turn    (no ring)
MPRegen 0.09/turn

%: no passive effects
@: very quick
A: very small, no large weapons, unfitting armour, see invisible, speed 3
a: no special abilities


You were on level 3 of the Dungeon.
You visited 1 branch of the dungeon, and saw 3 of its levels.

You collected 65 gold pieces.


Innate Abilities, Weirdness & Mutations

You are very small and have problems with some larger weapons.
You are too small for most types of armour.
You have supernaturally acute eyesight. (SInv)
You cover ground extremely quickly. (Speed+++)


   Skills:
 + Level 1.5 Fighting
 - Level 5.0 Ranged Weapons
 - Level 5.0 Dodging
 - Level 1.5 Stealth


You had 3 spell levels left.
You didn't know any spells.
Your spell library was empty.

Inventory:

Hand Weapons
 a - a +0 shortbow (weapon)
Armour
 c - a +0 robe (worn)
Scrolls
 d - a scroll of enchant armour
Potions
 e - a potion of curing
 g - a potion of haste
 h - a potion of mutation {unknown}
 j - a potion of ambrosia {unknown}

Dungeon Overview and Level Annotations

Branches:
Dungeon (3/15)

Altars:


Message History

There is a stone staircase leading down here.
You climb downwards.
Found 7 stones.
Found a stone staircase leading down and a stone staircase leading up.
There is a stone staircase leading up here.
An iguana is nearby!
Waypoint 2 assigned to D:3.
You shoot an arrow. The arrow hits the iguana.
The iguana hisses angrily.
The iguana is moderately wounded.
You shoot an arrow. The arrow hits the iguana!
The iguana is severely wounded.
The iguana closely misses you.
You shoot an arrow. The arrow barely misses the iguana.
The iguana closely misses you.
You shoot an arrow. The arrow closely misses the iguana.
The iguana bites you!
You shoot an arrow. The arrow hits the iguana.
The iguana is severely wounded.
The iguana bites you!
You shoot an arrow.
The arrow hits the iguana but does no damage.
The iguana is severely wounded.
The iguana closely misses you.
You shoot an arrow. The arrow barely misses the iguana.
The iguana completely misses you.
You shoot an arrow. The arrow barely misses the iguana.
The iguana closely misses you. The iguana barely misses you.
You shoot an arrow. The arrow barely misses the iguana.
The iguana completely misses you.
You shoot an arrow. The arrow barely misses the iguana.
The iguana bites you.
You shoot an arrow. The arrow completely misses the iguana.
The iguana barely misses you.
You shoot an arrow. The arrow hits the iguana.
The iguana is severely wounded.
The iguana misses you.
You shoot an arrow. The arrow hits the iguana.
The iguana is almost dead.
The iguana bites you!
You die...

... . #..
.##..# .....
#... #...
#####
##..l##......
#.>..@.......
#...........(
###..........
##.#.<.....
## .......
.......
.......
.......


You could see an iguana.

Vanquished Creatures
  Robin (D:2)
  3 adders (D:2)
  2 ribbon worms (D:2)
  2 dart slugs (D:1)
  A ball python (D:1)
  An endoplasm (D:2)
  3 giant cockroaches
  11 goblins
  9 hobgoblins
  6 kobolds
  4 bats
  4 frilled lizards
  4 rats
51 creatures vanquished.

Notes
Turn   | Place    | Note
-------+----------+-------------------------------------------
     0 | D:1      | qw the Spriggan Hunter began the quest for the Orb.
     0 | D:1      | Reached XP level 1. HP: 10/10 MP: 2/2
     0 | D:1      | 0 ||| qw: Version: 0.3-a-155-g5e7d8dd
     0 | D:1      | 0 ||| qw: Game counter: 2828
     0 | D:1      | 0 ||| qw: Melee chars always use a shield: true
     0 | D:1      | 0 ||| qw: God list: Okawaru
     0 | D:1      | 0 ||| qw: Allow faded altars: false
     0 | D:1      | 0 ||| qw: Do Orc after clearing Dungeon:15 true
     0 | D:1      | 0 ||| qw: Do second Lair branch before Depths: true
     0 | D:1      | 0 ||| qw: Lair rune preference: random
     0 | D:1      | 0 ||| qw: Goals: Normal
     0 | D:1      | 0 ||| PLANNING D:1-11
    98 | D:1      | Reached skill level 3 in Dodging
   321 | D:1      | Reached XP level 2. HP: 14/14 MP: 3/3
   516 | D:1      | Found a faded altar of an unknown god.
   780 | D:1      | 780 ||| READING scroll labelled ESIRGH DINIT.
   780 | D:1      | 780 ||| ENCHANTING +0 shortbow.
   781 | D:1      | 781 ||| READING scroll labelled MAVVOM ZIRYOTU.
   804 | D:1      | 804 ||| READING scroll labelled YNUTOASHRUD.
   804 | D:1      | 804 ||| IDENTIFYING pink potion
   805 | D:1      | 805 ||| READING scroll labelled UGGO ZUPOT.
   808 | D:1      | 808 ||| READING scroll labelled LEUFASADDYI.
   809 | D:1      | 809 ||| DROPPING scroll of butterflies.
   826 | D:2      | Reached XP level 3. HP: 18/18 MP: 4/4
   881 | D:2      | Noticed Robin
   891 | D:2      | HP: 4/18 [goblin/+0 club[Robin] (2)]
   892 | D:2      | 892 ||| READING scroll of teleportation.
   893 | D:2      | 893 ||| DRINKING potion of heal wounds.
   895 | D:2      | Killed Robin
  1164 | D:2      | Reached XP level 4. HP: 22/22 MP: 5/5
  1601 | D:2      | 1601 ||| READING 2 scrolls of identify.
  1601 | D:2      | 1601 ||| IDENTIFYING purple potion
  1602 | D:2      | 1602 ||| READING scroll of identify.
  1602 | D:2      | 1602 ||| IDENTIFYING red potion
  1603 | D:2      | 1603 ||| READING 2 scrolls labelled WYMIDOUQIO.
  1604 | D:2      | 1604 ||| DROPPING scroll of fear.
  1639 | D:3      | HP: 2/22 [iguana (5)]
  1642 | D:3      | Slain by an iguana

Levels and vault maps discovered:
D:1:      giann_wishing_wells, layout_loops_ring, shapermc_ecumenical_altar_gd
D:2:      layout_basic, grunt_ministairs_2, solitary_fountain,
          kennysheep_generic_room_15, uniq_robin
D:3:      layout_basic, lightli_temple_of_fire, minmay_puff

Skill      XL: |  1  2  3  4 |
---------------+-------------+-----
Dodging        | 3 4 5 |  5.0
Ranged Weapons | 5 |  5.0
Fighting       | |  1.5
Stealth        | |  1.5

Action                     |  1- 3 |  4- 6 || total
---------------------------+-------+-------++-------
   Fire: Shortbow          |   118 |    43 ||   161
    Use: Scroll            |     6 |     3 ||     9
         Potion            |     1 |       ||     1
 Armour: Robe              |    25 |     4 ||    29
  Dodge: Dodged            |    66 |    24 ||    90

Table legend:
 A = Non-vault XP
 B = Vault XP
 C = Vault XP percentage of total XP
 D = Non-vault monster count
 E = Vault monster count
 F = Vault count percentage of total count
                 A         B        C        D         E       F
            +---------+---------+-------+---------+---------+-------
      Total |      89 |      54 |  37.8 |      35 |      16 |  31.4
            +---------+---------+-------+---------+---------+-------
        D:1 |      40 |       0 |   0.0 |      22 |       0 |   0.0
        D:2 |      49 |      54 |  52.4 |      13 |      16 |  55.2
            +---------+---------+-------+---------+---------+-------
